 Dungeon Crawl Stone Soup version 0.22-a0-351-g29664b4 (webtiles) character file.

687 Serpenta the Skirmisher (level 7, -3/54 HPs)
             Began as a Mummy Chaos Knight on Apr 13, 2018.
             Slain by a bullfrog (4 damage)
             ... on level 6 of the Dungeon.
             The game lasted 00:10:49 (6243 turns).

Serpenta the Skirmisher (Mummy Chaos Knight)        Turns: 6243, Time: 00:10:50

Health: -3/54      AC:  5    Str: 17    XL:     7   Next: 35%
Magic:  9/9        EV: 11    Int: 12    God:    Xom [.....*]
Gold:   283        SH:  4    Dex: 11    Spells: 6/6 levels left

rFire    x . .     SeeInvis .   a - +0 hand axe (chaos)
rCold    + . .     Gourm    .   g - +0 buckler
rNeg     + + +     Faith    .   b - +2 leather armour
rPois    ∞         Spirit   .   (no helmet)
rElec    .         Reflect  .   (no cloak)
rCorr    .         Harm     .   (no gloves)
MR       .....                  (no boots)
Stlth    ++........             (no amulet)
HPRegen  0.18/turn              j - ring of stealth
MPRegen  0.11/turn              (no ring)

@: no status effects
A: no food or potions, fire vulnerability, cold resistance 1, negative energy
resistance 3, torment resistance, unbreathing
a: Renounce Religion


You were on level 6 of the Dungeon.
You worshipped Xom.
You were Xom's teddy bear.
You were not hungry.

You visited 1 branch of the dungeon, and saw 6 of its levels.

You collected 283 gold pieces.


Innate Abilities, Weirdness & Mutations

You do not eat or drink.
Your flesh is vulnerable to fire.
You are immune to poison.
Your flesh is cold resistant. (rC+)
You are immune to negative energy. (rN+++)
You are immune to unholy pain and torment.
You can survive without breathing.


   Skills:
 + Level 4.2 Fighting
 - Level 3.3 Axes
 - Level 1.5 Armour
 - Level 0.7 Dodging
 - Level 4.1 Shields
 + Level 3.5 Evocations


You had 6 spell levels left.
You didn't know any spells.

Action                   |  1- 3 |  4- 6 |  7- 9 || total
-------------------------+-------+-------+-------++-------
Melee: Hand axe          |    15 |       |    36 ||    51
       Dagger            |    66 |   265 |    94 ||   425
Evoke: Wand              |       |       |     2 ||     2
  Use: Scroll            |       |     6 |     1 ||     7
 Stab: Petrified         |       |       |     6 ||     6
Armor: Leather armour    |    28 |    64 |    53 ||   145
Dodge: Dodged            |    51 |   127 |   102 ||   280
Block: Buckler           |     3 |    47 |    29 ||    79

Inventory:

Hand Weapons
 a - a +0 hand axe of chaos (weapon)
 d - a +2 dagger of venom
 m - a cursed +0 war axe
Missiles
 e - a throwing net (quivered)
Armour
 b - a +2 leather armour (worn)
 g - a +0 buckler (worn)
Jewellery
 j - a ring of stealth (left hand)
Wands
 n - a wand of flame (9)
Scrolls
 c - a scroll of amnesia
 f - a scroll of blinking
 h - 2 scrolls of teleportation
 i - a scroll of enchant armour {unknown}
 k - a scroll of noise {unknown}
 l - a scroll of remove curse
 o - 2 scrolls of immolation
 p - a scroll of magic mapping {unknown}
 q - a scroll of identify
 r - a scroll of holy word {unknown}

.####....##.#
.>#.....(.......
#.......>.......
#.#..............
##.....©..........
...#######..#
#..#8.©.8#.<# #
#..#P.?.P#..#
.#.###@W###+###..######
.......F.#≈...;#........
..#......#≈...≈#..#####.
##..###h#≈...;#..####
....###h#≈.⌠.≈#.....##.
###. #..o#≈...≈#........
#..#Y#.#≈...≈#.....##.
#......#≈...≈#o.......
#......###+###.....#..


You could see a phantom, a bullfrog, 2 electric eels, an orc and 2 jackals.

Vanquished Creatures
  A centaur (D:5)
  Blork the orc (D:4)
  2 hounds
  A bullfrog skeleton (D:6)
  An orc priest (D:3)
  An orc wizard (D:5)
  2 iguanas
  A worker ant (D:2)
  A hound zombie (D:5)
  5 adders
  7 gnolls (D:5)
  An ooze (D:1)
  An adder skeleton (D:5)
  2 worms (D:2)
  A dart slug (D:2)
  5 leopard geckos
  12 orcs
  An orc (shapeshifter) (D:2)
  11 bats
  6 giant cockroaches
  3 goblins
  8 hobgoblins
  14 jackals
  3 frilled lizards
  A giant cockroach zombie (D:5)
  8 kobolds
  A leopard gecko skeleton (D:5)
  9 rats
110 creatures vanquished.

Vanquished Creatures (collateral kills)
  A phantom (D:3)
1 creature vanquished.

Vanquished Creatures (others)
  A gnoll (D:5)
1 creature vanquished.

Grand Total: 112 creatures vanquished

Vault maps used:
D:1:      ncdulo_halloftheorcs
D:2:      vehumet_crystals, chequers_ecumenical_altar_simple_redux,
          grunt_nemelex_the_gamble
D:4:      first_ration, uniq_blork_the_orc
D:5:      regret_index_temple_of_mockery, nicolae_overflow_hidden_temple,
          minmay_temple_entry_glass
D:6:      gammafunk_steamed_eel, dancing_weapons_uskayaw, basic_altar


Message History

The bullfrog misses you. The bullfrog hits you.
* * * LOW HITPOINT WARNING * * *
You hit the bullfrog.
The bullfrog looks as sick as possible!
The bullfrog is moderately wounded.
The bullfrog hits you but does no damage.
You block the bullfrog's attack.
You barely miss the bullfrog.
The bullfrog is moderately wounded.
The bullfrog closely misses you.
The bullfrog hits you but does no damage.
You barely miss the bullfrog.
The bullfrog is heavily wounded.
The bullfrog hits you.
* * * LOW HITPOINT WARNING * * *
The phantom blinks!
The bullfrog closely misses you. The phantom hits you.
* * * LOW HITPOINT WARNING * * *
The bullfrog hits you.
You die...
Xom howls with laughter!

Notes
Turn   | Place    | Note
-------+----------+-------------------------------------------
     0 | D:1      | Serpenta the Mummy Chaos Knight began the quest for the Orb.
     0 | D:1      | Reached XP level 1. HP: 18/18 MP: 1/1
   121 | D:1      | Reached XP level 2. HP: 23/24 MP: 2/2
   377 | D:1      | XOM: harmless Conj miscast
   620 | D:2      | XOM is BORED!
   620 | D:2      | XOM: noise
   694 | D:2      | XOM: polymorph goblin -> leopard gecko
   696 | D:2      | Found a faded altar of an unknown god.
   704 | D:2      | Reached XP level 3. HP: 29/29 MP: 3/3
   751 | D:2      | Reached skill level 1 in Shields
   787 | D:2      | XOM: chaos cloud
   862 | D:2      | Found a radiant altar of Vehumet.
  1028 | D:2      | Reached XP level 4. HP: 35/35 MP: 4/4
  1101 | D:2      | XOM: scenery: create altars
  1174 | D:2      | Found a sparkling altar of Nemelex Xobeh.
  1174 | D:2      | Found a transporter.
  1259 | D:2      | XOM: stat loss: -1 Int (10/11)
  1442 | D:3      | XOM: harmless Fire miscast
  1629 | D:3      | XOM: harmless Air miscast
  1761 | D:3      | Reached XP level 5. HP: 32/41 MP: 5/5
  2051 | D:3      | Noticed a phantom
  2073 | D:3      | XOM: potion effect (brilliance)
  2369 | D:3      | XOM: divination: detect creatures
  2709 | D:4      | Reached skill level 1 in Evocations
  2773 | D:4      | XOM is BORED!
  2773 | D:4      | XOM: enchant monster (bad)
  2777 | D:4      | XOM: medium Tloc miscast
  2957 | D:4      | Noticed Blork the orc
  2971 | D:4      | XOM: divination: magic mapping
  2991 | D:4      | Killed Blork the orc
  2991 | D:4      | Reached XP level 6. HP: 6/47 MP: 5/7
  3035 | D:4      | XOM: divination: magic mapping
  3405 | D:3      | XOM: summons friendly quasit
  3539 | D:4      | XOM: harmless Tmut miscast
  3764 | D:4      | XOM is BORED!
  3764 | D:4      | XOM: noise
  3861 | D:5      | Entered Level 5 of the Dungeon
  3863 | D:5      | Found a staircase to the Ecumenical Temple.
  3863 | D:5      | XOM: 1-stop teleportation journey
  3961 | D:5      | Noticed vishdafish's ghost (novice OpBe)
  3998 | D:6      | Noticed an ice beast
  4004 | D:5      | XOM: potion effect (brilliance)
  4010 | D:5      | XOM: god gift: scroll labeled GIGICU YNOCO {god gift}
  4026 | D:5      | XOM: harmless Chrm miscast
  4061 | D:4      | XOM: stat loss: -1 Dex (10/11)
  4066 | D:4      | XOM: cloud trail
  4361 | D:5      | XOM: cleaving
  4371 | D:5      | Found a burning altar of Makhleb.
  4397 | D:4      | XOM is BORED!
  4397 | D:4      | XOM: mild Fire miscast
  4483 | D:4      | XOM: harmless Air miscast
  4584 | D:5      | XOM: butterfly on damage
  4873 | D:5      | XOM: scenery: create altars
  4912 | D:5      | Reached XP level 7. HP: 52/52 MP: 9/9
  4912 | D:5      | XOM: destruction
  5064 | D:5      | XOM: divination: detect items
  5070 | D:5      | XOM: enchant monster (good)
  5080 | D:5      | XOM: polymorph scorpion -> worm
  5118 | D:4      | XOM: scenery: 1 doors close
  5150 | D:4      | XOM: harmless Tloc miscast
  5198 | D:4      | XOM: swap monsters
  5198 | D:4      | Noticed a steam dragon
  5198 | D:4      | a boggart changed into a steam dragon
  5322 | D:5      | XOM: severe Fire miscast
  5625 | D:5      | Found a shimmering altar of Xom.
  5626 | D:5      | Found a hazy altar of Hepliaklqana.
  5627 | D:5      | Noticed a spectral ugly thing
  5640 | D:5      | Found a deep blue altar of Sif Muna.
  5641 | D:5      | Found a sparkling altar of Nemelex Xobeh.
  5677 | D:5      | XOM: medium Conj miscast
  5999 | D:4      | XOM: noise
  6192 | D:5      | XOM: mild Ice miscast
  6197 | D:5      | XOM: summons 2 hostile shadow creatures
  6206 | D:6      | Found a transporter.
  6211 | D:6      | Found a transporter.
  6243 | D:6      | HP: 1/54 [phantom (3)]
  6243 | D:6      | Slain by a bullfrog
